 Dungeon Crawl Stone Soup version 0.31.0-12-g77e489cdc1 (webtiles) character file.

Game seed: 6961382973695400608

43461 hawla the Peltast (level 13, -4/111 HPs)
             Began as a Minotaur Fighter on Feb 19, 2024.
             Was a Believer of Yredelemnul.
             Killed from afar by an orc sorcerer (24 damage)
             ... with a bolt of fire
             ... on level 2 of the Orcish Mines.
             The game lasted 00:45:06 (15005 turns).

hawla the Peltast (Minotaur Fighter)               Turns: 15005, Time: 00:45:07

Health: -4/111     AC: 15    Str: 23      XL:     13   Next: 91%
Magic:  16/23      EV: 13    Int:  2      God:    Yredelemnul [**....]
Gold:   1039       SH: 17    Dex: 12 (13) Spells: 12/12 levels left

rFire   . . .        J - +5 long sword (vamp)
rCold   + . .        D - +0 kite shield
rNeg    . . .        C - +1 plate armour {rC+}
rPois   .            (helmet restricted)
rElec   .            (no cloak)
rCorr   .            (no gloves)
SInv    .            c - +1 pair of boots
Will    +++..        B - necklace of Bloodlust {Fury *Rage Will++ Int-3 Slay+6} Stlth
                     s - +5 ring of evasion
HPRegen 0.38/turn    l - ring of willpower
MPRegen 0.18/turn

%: random rage (50%)
@: mighty
A: horns 2, retaliatory headbutt, large bone plates 1, deterioration 1, high MP
1, teleportitis 1
a: Renounce Religion, Recall Undead Harvest, Dark Bargain


You were on level 2 of the Orcish Mines.
You worshipped Yredelemnul.
Yredelemnul was pleased with you.
You visited 3 branches of the dungeon, and saw 17 of its levels.

You collected 1492 gold pieces.
You spent 453 gold pieces at shops.

Inventory:

Hand Weapons
 r - a +0 scimitar of flaming
 J - a +5 vampiric long sword (weapon)
Missiles
 n - 85 poisoned darts
 u - 6 curare-tipped darts
 x - 2 throwing nets
Armour
 c - a +1 pair of boots (worn)
 C - a +1 plate armour of cold resistance (worn)
 D - a +0 kite shield (worn)
Jewellery
 b - a ring of fire
 h - a ring of see invisible
 j - a ring of positive energy
 k - a ring of protection from cold
 l - a ring of willpower (right hand)
 m - an amulet of reflection
 s - a +5 ring of evasion (left hand)
 t - an amulet of regeneration
 B - the necklace of Bloodlust (around neck) {Fury *Rage Will++ Int-3 Slay+6}
   (You bought it in a shop on level 5 of the Dungeon)

   [amulet of nothing]

   Fury:      It extends the wearer's berserk rage when killing foes.
   Int-3:     It affects your intelligence (-3).
   Slay+6:    It affects your accuracy & damage with ranged weapons and melee
   (+6).
   Will++:    It greatly increases your willpower.
   *Rage:     It berserks you when you make melee attacks (+50% chance).
 K - a ring of positive energy
Wands
 e - a wand of mindburst (21) (quivered)
 f - a wand of charming (11)
 M - a wand of flame (6)
Scrolls
 o - 2 scrolls of identify
 p - 3 scrolls of teleportation
 E - a scroll of poison
 L - a scroll of vulnerability
Potions
 a - a potion of berserk rage
 g - 4 potions of attraction
 i - 3 potions of enlightenment
 q - 2 potions of cancellation
 z - 2 potions of resistance
 A - 2 potions of magic
 H - 2 potions of haste
 I - a potion of curing


   Skills:
 - Level 9.0 Fighting
 - Level 14.0 Long Blades
 - Level 6.0 Throwing
 + Level 5.5 Armour
 - Level 8.0 Dodging
 - Level 15.0 Shields
 - Level 12.0 Invocations
 - Level 5.0 Evocations


You had 12 spell levels left.
You didn't know any spells.
Your spell library was empty.

Dungeon Overview and Level Annotations

Branches:
Dungeon (14/15)            Temple (1/1) D:7            Lair (0/5) D:11
    Orc (2/2) D:10            Elf (0/3) Orc:2        Vaults (0/5) D:13

Altars:
Ashenzari
Cheibriados
Dithmenos
Elyvilon
Fedhas
Gozag
Hepliaklqana
Kikubaaqudgha
Makhleb
Nemelex Xobeh
Okawaru
Qazlal
Ru
Sif Muna
Trog
Uskayaw
Vehumet
Wu Jian
Xom
Yredelemnul
Zin
The Shining One

Shops:
D:5 =   D:11 !


Innate Abilities, Weirdness & Mutations

You have a pair of horns on your head.
You reflexively headbutt those who attack you in melee.
You are partially covered in large bone plates. (SH +4)
Your body sometimes deteriorates upon taking damage.
You have an increased reservoir of magic. (+10% MP)
You are occasionally teleported next to monsters.


Message History

Your warg zombie barely misses the orc high priest.
Your bog body touches the orc high priest!!
Your bog body freezes the orc high priest!!
The orc high priest dies!
You swap places.
Your orc high priest zombie hits the orc.
You block the orc's attack.
Things that are here:
a +0 glaive; a +1 scale mail of positive energy
Aiming: Mindburst
Press: ? - help, Shift-Dir - straight line, f - orc
Aim: an orc, wielding a +0 trident (heavily wounded, ally target, chance to affect: 91%)
The orc's mind is blasted!!
You blow up the orc!
A black mist starts to gather...
You hear a shout! x2
You swap places.
An orc sorcerer comes into view.
It is wielding a +0 hand axe and wearing a +0 robe of resistance.
Found a wyvern skeleton.
You recover from your berserk rage.
The orc sorcerer shouts!
You hear a shout!
An orc wizard comes into view. It is wielding a +0 dagger.
An orc sorcerer comes into view. It is wielding a +0 dagger.
Found two wyvern skeletons and a yak skeleton.
The orc sorcerer shouts!
An orc wizard comes into view. It is wielding a +0 dagger.
An orc sorcerer comes into view.
It is wielding a +0 dagger and wearing a +2 robe of cold resistance.
You see here a +0 trident.
Found a wyvern skeleton.
The orc sorcerer mumbles some strange words.
An orc high priest comes into view. It is wielding a +0 battleaxe.
Found two wyvern skeletons and a dagger.
The orc high priest shouts!
An orc knight comes into view. It is wielding a +0 great sword.
You block the orc wizard's attack. You block the orc sorcerer's attack.
An orc knight comes into view. It is wielding a +3 battleaxe.
The orc sorcerer points at you and mumbles some strange words.
The bolt of fire hits you!!
You die...
Your body rises from the dead as a mindless zombie.

............#.#,,,,,,,,*
............###,,oo3...#
.......)....#**,,o☼....#
.......))...#*,,,......#
.....)......##,,,÷.÷o.÷#
........#....#*,,.÷o..#*
........##.).####o...#*
.........#..)Z##o.÷..#
.........##.)ZnZ@o.#**
..........##..Z...##
.........#*##...###
,.......,,* #####
,,,,,,,,,,* ,,,,,,,,,**
,,,,,,,,,,****
,,,,,,,,,,,*,**
,,,,,,,,,,,,,,****


You could see 2 orc knights, an orc high priest, a sun demon (summoned), 3 orc
sorcerers, 2 orc wizards, a friendly spectral orc, a friendly bog body
(summoned), a friendly warg zombie, a friendly orc warrior zombie and a friendly
orc high priest zombie.

Vanquished Creatures
  Rupert (Orc:2)
  Nessos (D:13)
  2 hydras (D:14)
  A centaur warrior (D:14)
  Erolcha (D:12)
  A boulder beetle (D:14)
  5 two-headed ogres
  Urug (D:13)
  5 skeletal warriors
  3 ugly things (D:14)
  3 deep elf pyromancers (D:12)
  2 orc knights (Orc:2)
  2 manticores (D:14)
  2 cyclopes
  A kobold blastminer (Orc:2)
  2 orc sorcerers (Orc:2)
  A cane toad (shapeshifter) (D:13)
  Maggie (D:6)
  A komodo dragon (D:11)
  A tengu conjurer (D:14)
  A kobold demonologist (D:9)
  5 trolls
  A hornet (D:9)
  Prince Ribbit (D:5)
  2 slime creatures (D:13)
  A vampire (D:12)
  A wyvern (D:7)
  18 yaks (D:10)
  A shadow (D:9)
  A spriggan (shapeshifter) (D:14)
  A steam dragon (D:6)
  15 humans (D:13)
  Eustachio (D:5)
  8 wargs
  A wraith (D:11)
  A basilisk (D:14)
  5 vampire mosquitoes
  2 acid dragons
  3 water moccasins
  4 black bears
  11 orc warriors
  4 ice beasts
  4 boggarts (D:14)
  6 centaurs
  7 ogres
  17 kobold brigands
  5 bullfrogs
  3 gnoll sergeants
  2 scorpions
  A burial acolyte (D:8)
  3 wights (D:8)
  3 killer bees (D:8)
  8 howler monkeys
  2 bombardier beetles
  10 orc priests
  A gnoll bouda (D:8)
  2 hounds (D:5)
  3 sleepcaps
  7 iguanas
  7 orc wizards
  13 adders
  14 gnolls
  3 shadow imps
  2 white imps
  2 ufetubi (D:4)
  2 adder zombies (D:8)
  2 dart slugs (D:3)
  A ribbon worm (D:3)
  38 orcs
  10 endoplasms
  2 giant cockroaches (D:1)
  13 goblins
  7 hobgoblins
  5 jackals
  5 quokkas
  6 ball pythons
  2 bats (D:2)
  11 frilled lizards
  2 gnoll zombies (D:8)
  40 kobolds
  2 kobold zombies (D:8)
  4 orc zombies
  4 rats
406 creatures vanquished.

Vanquished Creatures (collateral kills)
  2 hydras (D:13)
  A boulder beetle (D:13)
  2 orc high priests (Orc:2)
  5 skeletal warriors
  3 ugly things (D:14)
  2 slime creatures (D:13)
  A yak (D:10)
  A warg (Orc:2)
  3 vampire mosquitoes (D:13)
  A black bear (D:11)
  An orc warrior (Orc:2)
  A boggart (D:14)
  A centaur (D:8)
  An ogre (Orc:1)
  2 kobold brigands (D:9)
  A bullfrog (D:11)
  A scorpion (D:11)
  2 wights (D:8)
  An orc priest (Orc:2)
  An orc wizard (Orc:2)
  3 gnolls (D:10)
  An adder zombie (D:8)
  5 orcs
  11 kobolds
53 creatures vanquished.

Vanquished Creatures (others)
  An ugly thing zombie (D:14)
  A centaur zombie (D:14)
  A hydra zombie (D:13)
  A boulder beetle zombie (D:13)
  2 slime creature zombies (D:13)
  A human (D:13)
  A two-headed ogre zombie (D:13)
  A manticore zombie (D:14)
  A warg zombie (Orc:2)
  A water moccasin zombie (D:11)
  A bullfrog zombie (D:9)
  7 human zombies (D:13)
  A howler monkey zombie (D:9)
  2 orcs (Orc:2)
  A gnoll zombie (D:9)
  6 kobold zombies
  14 orc zombies
43 creatures vanquished.

Grand Total: 502 creatures vanquished

Notes
Turn   | Place    | Note
-------+----------+-------------------------------------------
     0 | D:1      | hawla the Minotaur Fighter began the quest for the Orb.
     0 | D:1      | Reached XP level 1. HP: 19/19 MP: 0/0
    94 | D:1      | Found a faded altar of an unknown god.
   106 | D:1      | Reached skill level 4 in Shields
   162 | D:1      | Reached XP level 2. HP: 23/26 MP: 1/1
   761 | D:1      | Reached skill level 5 in Shields
   908 | D:1      | Reached XP level 3. HP: 31/31 MP: 2/2
  1189 | D:2      | Reached skill level 1 in Dodging
  1782 | D:2      | Reached XP level 4. HP: 39/39 MP: 3/3
  1950 | D:3      | Found a shimmering blue altar of Sif Muna.
  2499 | D:3      | Reached XP level 5. HP: 41/45 MP: 4/4
  2552 | D:4      | Noticed an ogre
  2728 | D:3      | Reached skill level 5 in Dodging
  2892 | D:4      | Reached XP level 6. HP: 50/51 MP: 5/5
  3170 | D:4      | Found a sacrificial altar of Ru.
  3494 | D:5      | Entered Level 5 of the Dungeon
  3494 | D:5      | Found a radiant altar of Vehumet.
  3496 | D:5      | Gained mutation: You are vulnerable to heat. (rF-) [potion
                  | of mutation]
  3496 | D:5      | Gained mutation: You have hidden genetic defects. [potion
                  | of mutation]
  3497 | D:5      | Lost mutation: You are vulnerable to heat. (rF-) [potion of
                  | mutation]
  3497 | D:5      | Lost mutation: You have hidden genetic defects. [potion of
                  | mutation]
  3497 | D:5      | Gained mutation: You are occasionally teleported next to
                  | monsters. [potion of mutation]
  3497 | D:5      | Gained mutation: Your body sometimes deteriorates upon
                  | taking damage. [potion of mutation]
  3497 | D:5      | Gained mutation: You have hidden genetic potential. [potion
                  | of mutation]
  3511 | D:5      | Reached XP level 7. HP: 39/57 MP: 6/6
  3620 | D:5      | Reached skill level 1 in Evocations
  3756 | D:5      | Noticed Eustachio
  3800 | D:5      | Killed Eustachio
  3801 | D:5      | Gained mutation: You have an increased reservoir of magic.
                  | (+10% MP) [hidden potential]
  3952 | D:5      | Found Hylauqonk's Jewellery Emporium.
  4041 | D:5      | Noticed Prince Ribbit
  4056 | D:5      | Reached skill level 1 in Throwing
  4056 | D:5      | Reached XP level 8. HP: 20/64 MP: 7/7
  4458 | D:5      | Killed Prince Ribbit
  4769 | D:6      | Gained mutation: You are partially covered in large bone
                  | plates. (SH +4) [hidden potential]
  4769 | D:6      | Lost mutation: You have hidden genetic potential. [hidden
                  | potential expressed]
  4841 | D:6      | Reached skill level 5 in Throwing
  4995 | D:6      | Noticed Maggie
  5006 | D:6      | HP: 3/64 [Maggie/+2 glaive of flaming (2)]
  5009 | D:6      | Killed Maggie
  5010 | D:6      | Reached skill level 5 in Fighting
  5855 | D:6      | Reached XP level 9. HP: 56/77 MP: 8/8
  6275 | D:6      | Noticed a cyclops
  6319 | D:6      | Killed a cyclops
  6620 | D:7      | Found a glowing silver altar of Zin.
  6630 | D:7      | Reached skill level 5 in Evocations
  6634 | D:7      | Found a staircase to the Ecumenical Temple.
  6799 | Temple   | Entered the Ecumenical Temple
  6819 | D:7      | Found a basalt altar of Yredelemnul.
  6869 | D:7      | Became a worshipper of Yredelemnul the Dark
  7255 | D:7      | Found a hazy altar of Hepliaklqana.
  7416 | D:8      | Reached * piety under Yredelemnul
  7426 | D:8      | Reached skill level 5 in Long Blades
  7548 | D:8      | Reached ** piety under Yredelemnul
  7623 | D:8      | Reached *** piety under Yredelemnul
  7793 | D:8      | Reached XP level 10. HP: 87/91 MP: 10/10
  7970 | D:8      | Found an ancient bone altar of Kikubaaqudgha.
  8223 | D:5      | Bought the necklace of Bloodlust {Fury *Rage Will++ Int-3
                  | Slay+6} for 453 gold pieces
  8223 | D:5      | Found the necklace of Bloodlust {Fury *Rage Will++ Int-3
                  | Slay+6}
  8649 | D:9      | Noticed a two-headed ogre
  8657 | D:9      | Killed a two-headed ogre
  8658 | D:9      | Reached skill level 10 in Long Blades
  8813 | D:9      | Reached **** piety under Yredelemnul
  8818 | D:9      | Reached ***** piety under Yredelemnul
  8901 | D:9      | Reached ****** piety under Yredelemnul
  9284 | D:10     | Entered Level 10 of the Dungeon
  9360 | D:10     | Reached XP level 11. HP: 97/97 MP: 11/11
  9390 | D:10     | Reached skill level 1 in Invocations
  9425 | D:10     | Found a staircase to the Orcish Mines.
 10112 | D:11     | Reached skill level 5 in Invocations
 10232 | D:11     | Found a staircase to the Lair.
 10232 | D:11     | Noticed a two-headed ogre
 10233 | D:11     | You fall into a shaft and drop 1 floor!
 10241 | D:12     | Noticed a deep elf pyromancer
 10242 | D:12     | Noticed a two-headed ogre
 10246 | D:12     | Killed a deep elf pyromancer
 10250 | D:12     | Killed a two-headed ogre
 10252 | D:12     | Noticed a deep elf pyromancer
 10261 | D:12     | Killed a deep elf pyromancer
 10765 | D:11     | Killed a two-headed ogre
 10999 | D:11     | Found Vaeth's Distillery.
 11407 | D:12     | Noticed Erolcha
 11410 | D:12     | Noticed a two-headed ogre
 11415 | D:12     | Killed Erolcha
 11416 | D:12     | Reached XP level 12. HP: 87/104 MP: 19/19
 11417 | D:12     | Killed a two-headed ogre
 11969 | D:13     | Noticed Nessos
 11969 | D:13     | Noticed Urug
 11969 | D:13     | Noticed a two-headed ogre
 11969 | D:13     | Found a gate to the Vaults.
 11979 | D:13     | Killed a two-headed ogre
 11980 | D:13     | Reached skill level 10 in Invocations
 12012 | D:13     | Killed Urug
 12012 | D:13     | Killed Nessos
 12230 | D:13     | Noticed a seven-headed hydra
 12237 | D:13     | Killed a seven-headed hydra
 12292 | D:13     | Noticed a boulder beetle
 12300 | D:13     | Noticed an eight-headed hydra
 12304 | D:13     | Reached skill level 6 in Shields
 12306 | D:13     | Killed a boulder beetle
 12306 | D:13     | Killed a seven-headed hydra
 12307 | D:13     | Reached skill level 7 in Shields
 12310 | D:13     | Reached skill level 8 in Shields
 12314 | D:13     | Your ally Urug died
 12321 | D:13     | Reached skill level 9 in Shields
 12328 | D:13     | Lost intelligence.
 12338 | D:13     | Reached XP level 13. HP: 13/111 MP: 23/23
 13026 | D:14     | Reached skill level 10 in Shields
 13073 | D:14     | Reached skill level 11 in Shields
 13355 | D:14     | Reached skill level 12 in Shields
 13711 | D:14     | Reached skill level 13 in Shields
 14189 | Orc:1    | Entered Level 1 of the Orcish Mines
 14844 | Orc:2    | Entered Level 2 of the Orcish Mines
 14851 | Orc:2    | Reached skill level 14 in Shields
 14911 | Orc:2    | Identified the maw talisman of the Planets {rPois Int+2
                  | Dex+3}
 14911 | Orc:2    | Noticed Rupert
 14917 | Orc:2    | Killed Rupert
 14927 | Orc:2    | Found a staircase to the Elven Halls.
 14944 | Orc:2    | Reached skill level 15 in Shields
 14997 | Orc:2    | Reached skill level 5 in Armour
 15005 | Orc:2    | Killed from afar by an orc sorcerer

Illustrated notes

Levels and vault maps discovered:
D:1:      wander_arrival_chamber, layout_basic, shapermc_ecumenical_altar_venn,
          serial_rivers, chequers_serial_rivers_micro_c,
          chequers_serial_rivers_micro_c, chequers_serial_rivers_small_a,
          chequers_serial_rivers_large_a, chequers_serial_rivers_small_3,
          dreamdust_princess_corridor, st_stairs_12
D:2:      layout_basic, minmay_pentomino_pile
D:3:      layout_basic, nicolae_sif_muna_condensation, minmay_close_crescents
D:4:      layout_rooms, old_standard_altar, skrybe_limestone_x,
          kennysheep_generic_room_6
D:5:      cheibrodos_thug_alley, layout_basic, fiery_altar_vehumet,
          serial_shops, nicolae_shop_gaudy_bauble, lemuel_flame_loot_1,
          uniq_eustachio, uniq_prince_ribbit1
D:6:      minmay_chambers_of_fours, layout_basic, uniq_maggie
D:7:      layout_loops_corners, mainiacjoe_overflow_catwalk_spiral,
          general_overflow_altar, minmay_temple_entry_ruins,
          corexii_item_surrounded_by_moat
D:8:      layout_cave_pools, regret_index_kikubaaqudgha_part_by_part
D:9:      layout_roguey [special_room_kobold]
D:10:     layout_loops_cross, david_orc_2
D:11:     layout_big_octagon, due_lair_maze_entry_diamond, serial_shops,
          nicolae_shop_statue_plus
D:12:     layout_gridville, uniq_erolcha
D:13:     layout_long_grid, david_vaults_3
D:14:     layout_loops_cross, serial_glass, glass_columns_b, glass_columns_a,
          glass_columns_a, glass_columns_b, ebering_dispersal_statue_hall
Temple:   eino_wide_crystal_templ
Orc:1:    cheibrodos_orc_guarddog, layout_diamond_mine
Orc:2:    grunt_orc_tribal_feast, layout_caves, portal_ice_cave_demonic_guard,
          uniq_rupert

Skill      XL: |  1  2  3  4  5  6  7  8  9 10 11 12 13 |
---------------+----------------------------------------+-----
Shields        | 4 5 9 15 | 15.0
Dodging        | 2 4 5 7 8 |  8.0
Evocations     | 4 5 |  5.0
Throwing       | 1 6 |  6.0
Fighting       | 6 9 |  9.0
Long Blades    | 6 12 14 | 14.0
Invocations    | 8 12 | 12.0
Armour         | 5 |  5.5

Action                     |  1- 3 |  4- 6 |  7- 9 | 10-12 | 13-15 || total
---------------------------+-------+-------+-------+-------+-------++-------
  Melee: Long sword        |   110 |   151 |   294 |   336 |   208 ||  1099
         Headbutt          |    18 |    28 |    61 |    87 |    49 ||   243
         Scimitar          |       |       |       |     2 |     8 ||    10
 Invoke: Recall Undead Har |       |       |       |     6 |     6 ||    12
         Dark Bargain      |       |       |       |     1 |     2 ||     3
         Drain Life        |       |       |       |       |     1 ||     1
  Evoke: Wand              |       |       |    11 |    16 |    15 ||    42
    Use: Scroll            |     3 |     5 |     8 |    10 |     7 ||    33
         Potion            |       |     2 |     9 |     4 |     4 ||    19
   Stab: Distracted        |       |       |     1 |     2 |       ||     3
         Petrified         |       |       |       |       |     3 ||     3
         Petrifying        |       |       |       |       |     1 ||     1
 Armour: Scale mail        |    22 |       |       |       |       ||    22
         Plate armour      |    40 |    93 |   322 |   195 |   101 ||   751
  Dodge: Dodged            |    35 |    41 |   179 |   171 |    65 ||   491
  Block: Buckler           |    51 |    85 |   296 |    77 |       ||   509
         Reflection        |     2 |     3 |    10 |       |       ||    15
         Kite shield       |       |       |       |   156 |   193 ||   349
